 Dungeon Crawl Stone Soup version 0.22-a0-422-g9628fc8 (webtiles) character file.

99 MisterFreud the Insei (level 4, -1/32 HPs)
             Began as a Merfolk Transmuter on May 19, 2018.
             Killed from afar by a dart slug (3 damage)
             ... with a slug dart
             ... on level 3 of the Dungeon.
             The game lasted 00:06:01 (3531 turns).

MisterFreud the Insei (Merfolk Transmuter)          Turns: 3531, Time: 00:06:02

Health: -1/32      AC:  2    Str:  7 (10) XL:     4   Next: 72%
Magic:  2/7        EV: 13    Int: 12 (13) God:
Gold:   81         SH:  0    Dex: 13 (14) Spells: 1/7 levels left

rFire    . . .     SeeInvis .     - Unarmed
rCold    . . .     Gourm    .   (no shield)
rNeg     . . .     Faith    .   j - +0 robe
rPois    .         Spirit   .   (no helmet)
rElec    .         Reflect  .   (no cloak)
rCorr    .         Harm     .   (no gloves)
MR       .....                  (no boots)
Stlth    +.........             (no amulet)
HPRegen  0.10/turn              (no ring)
MPRegen  0.10/turn              (no ring)

@: very slightly contaminated
A: change form in water, swift swim, stealthy swim
a: no special abilities


You were on level 3 of the Dungeon.
You were not hungry.

You visited 1 branch of the dungeon, and saw 3 of its levels.

You collected 81 gold pieces.

Inventory:

Hand Weapons
 b - a +0 hunting sling
Missiles
 a - 39 arrows
 f - 7 tomahawks (quivered)
 g - 17 stones
 l - 12 sling bullets
 o - 13 poisoned needles
Armour
 j - a +0 robe (worn)
Scrolls
 c - a scroll of fog {unknown}
 e - a scroll of magic mapping {unknown}
 h - a scroll of fear {unknown}
 i - a scroll of teleportation {unknown}
 k - a scroll of immolation {unknown}
 n - a scroll of identify {unknown}
Potions
 m - a potion of flight {unknown}
Comestibles
 d - 5 rations
 p - a chunk of flesh


   Skills:
 - Level 1.1 Fighting
 - Level 2.6 Dodging
 * Level 5.8 Unarmed Combat
 - Level 2.0 Spellcasting
 - Level 2.6 Transmutations


You had one spell level left.
You knew the following spells:

 Your Spells              Type           Power        Failure   Level  Hunger
a - Beastly Appendage     Tmut           #.....       9%          1    ##.....
b - Sticks to Snakes      Tmut           #.......     14%         2    ###....
c - Spider Form           Tmut/Pois      #.........   43%         3    ####...

Your spell library contained the following spells:

 Spells                   Type           Power        Failure   Level  Hunger
 Blade Hands              Tmut           #.........   94%         5    ######.
 Ice Form                 Ice/Tmut       #.......     83%         4    #####..


Dungeon Overview and Level Annotations

Branches:
Dungeon (3/15)

Altars:
Hepliaklqana


Message History

You barely miss the worm. The worm bites you.
You hit the worm but do no damage. You hit the worm.
The worm is lightly wounded.
The worm barely misses you.
You hit the worm.
The worm is moderately wounded.
You hit the worm.
The worm is heavily wounded.
The worm bites you.
* * * LOW HITPOINT WARNING * * *
You hit the worm.
The worm is heavily wounded.
The dart slug launches a dart at you. The slug dart hits you!
* * * LOW HITPOINT WARNING * * *
There is a stone staircase leading up, spattered with blood here.
The dart slug launches a dart at you. The slug dart hits you!
You die...

### ..# # ..#...#
#.##.#..#
#.....[.#
###########.##
##..[.........#
..............#
##.......w....#
#.......@.....#
#............w...
...............##
##.............#
#.............#
#.............#
#.............#
#.............#
###.......###.


You could see a worm and a dart slug.

Vanquished Creatures
  2 adders (D:2)
  3 gnolls (D:2)
  A worm (D:2)
  2 dart slugs
  2 leopard geckos (D:2)
  3 giant cockroaches
  6 goblins
  4 hobgoblins
  A quokka (D:2)
  A ball python (D:2)
  4 bats
  2 frilled lizards (D:1)
  10 kobolds
  5 rats
46 creatures vanquished.

Notes
Turn   | Place    | Note
-------+----------+-------------------------------------------
     0 | D:1      | MisterFreud the Merfolk Transmuter began the quest for the Orb.
     0 | D:1      | Reached XP level 1. HP: 15/15 MP: 3/3
   196 | D:1      | Reached skill level 4 in Unarmed Combat
   196 | D:1      | Reached XP level 2. HP: 13/21 MP: 5/5
  1167 | D:1      | Learned a level 2 spell: Sticks to Snakes
  1186 | D:2      | Reached XP level 3. HP: 16/26 MP: 4/6
  1637 | D:2      | Reached skill level 5 in Unarmed Combat
  2230 | D:2      | Reached XP level 4. HP: 16/32 MP: 1/7
  2756 | D:2      | Learned a level 3 spell: Spider Form
  2871 | D:2      | Found a hazy altar of Hepliaklqana.
  3531 | D:3      | Killed from afar by a dart slug

Vault maps used:
D:1:      dpeg_arrival_orchard, item_on_display_a
D:2:      old_standard_altar, item_on_display_a
D:3:      kb_forest_paths, lemuel_doored_altar

Skill      XL: |  1  2  3 |
---------------+----------+-----
Unarmed Combat | 4 5 |  5.8
Fighting       | |  1.1
Dodging        | |  2.6
Spellcasting   | |  2.0
Transmutations | |  2.6

Action                   |  1- 3 |  4- 6 || total
-------------------------+-------+-------++-------
Melee: Unarmed           |   133 |    62 ||   195
       Punch             |     2 |     1 ||     3
       Headbutt          |     1 |       ||     1
Throw: Stone             |     1 |       ||     1
       Tomahawk          |       |    12 ||    12
 Cast: Beastly Appendage |     2 |       ||     2
       Sticks to Snakes  |     6 |       ||     6
       Spider Form       |       |     1 ||     1
  Use: Potion            |     2 |       ||     2
  Eat: Chunk             |     4 |     5 ||     9
Armor: Robe              |    27 |     8 ||    35
Dodge: Dodged            |    77 |    43 ||   120

Table legend:
 A = Spawn XP
 B = Non-spawn XP
 C = Spawn XP percentage of total XP
 D = Spawn monster count
 E = Non-spawn monster count
 F = Spawn count percentage of total count
 G = Total turns spent on level
                    A         B        C        D         E        F      G
               +---------+---------+-------+---------+---------+-------+---------
         Total |       0 |     142 |   0.0 |       0 |      46 |   0.0 |  3531
               +---------+---------+-------+---------+---------+-------+---------
           D:1 |       0 |      30 |   0.0 |       0 |      20 |   0.0 |  1908
           D:2 |       0 |     112 |   0.0 |       0 |      26 |   0.0 |  1605
               +---------+---------+-------+---------+---------+-------+---------
